 Seeded DCSS version 0.30.1 (webtiles) character file.

Game seed: 7229806256980976716 (custom seed)

7 McKennaii the Gusty (level 1, 14/14 HPs)
             Began as a Demigod Air Elementalist on July 13, 2023.
             Quit the game on level 1 of the Dungeon.
             The game lasted 00:00:18 (308 turns).

McKennaii the Gusty (Demigod Air Elementalist)       Turns: 308, Time: 00:00:19

Health: 14/14      AC:  2    Str:  9    XL:     1   Next: 66%
Magic:  4/5        EV: 12    Int: 17    God:
Gold:   30         SH:  0    Dex: 14    Spells: 3/4 levels left

rFire   . . .        (no weapon)
rCold   . . .        (no shield)
rNeg    . . .        a - +0 robe
rPois   .            (no helmet)
rElec   .            (no cloak)
rCorr   .            (no gloves)
SInv    .            (no boots)
Will    .....        (no amulet)
Stlth   ++           (no ring)
HPRegen 0.22/turn    (no ring)
MPRegen 0.09/turn

%: no passive effects
@: no status effects
A: high MP 1, forlorn, divine attributes
a: no special abilities


You were on level 1 of the Dungeon.
You visited 1 branch of the dungeon, and saw 1 of its levels.

You collected 30 gold pieces.

Inventory:

Missiles
 c - a throwing net
Armour
 a - a +0 robe (worn)
 g - the +2 pair of boots "Wigheh" {rF+}
   (You acquired it on level 1 of the Dungeon)

   rF:        It protects you from fire.
Scrolls
 d - 2 scrolls of amnesia {unknown}
 e - a scroll of acquirement
 f - a scroll of teleportation {unknown}
Potions
 b - a potion of magic


   Skills:
 - Level 1.7 Dodging
 - Level 1.7 Stealth
 + Level 2.0 Spellcasting
 + Level 1.1 Conjurations
 + Level 2.8 Air Magic


You had 3 spell levels left.
You knew the following spells:

 Your Spells              Type           Power      Damage    Failure   Level
a - Shock                 Conj/Air       32%        1d5       9%          1

Your spell library contained the following spells:

 Spells                   Type           Power      Damage    Failure   Level
 Static Discharge         Conj/Air       16%        2-3/arc   13%         2
 Swiftness                Air            11%        N/A       19%         3
 Ignite Poison            Fire/Tmut/Pois 1%         N/A       50%         3
 Airstrike                Air            5%         2d(1-17)  52%         4
 Sticky Flame             Conj/Fire      3%         2d3       83%         4
 Ignition                 Fire           0%         3d3       100%        8


Dungeon Overview and Level Annotations

Branches:
Dungeon (1/15)


Innate Abilities, Weirdness & Mutations

You have an increased reservoir of magic. (+10% MP)
You shall have no god before yourself.
Your divine heritage dramatically boosts your attributes as you level up.


Message History

The zap hits the giant cockroach.
The giant cockroach is heavily wounded.
The zap misses the giant cockroach.
A giant cockroach is nearby!
The zap hits the giant cockroach.
You kill the giant cockroach!
You can't see any susceptible monsters within range! (Use Z to cast anyway.)
A goblin and a ball python come into view.
There are monsters nearby!
You miscast Shock.
You are very lightly contaminated with residual magic.
Nothing appears to happen.
The zap hits the ball python.
The ball python is moderately wounded.
The ball python hisses angrily.
The zap misses the ball python.
The zap hits the goblin.
You kill the goblin!
Your magical contamination has completely faded away.
The zap hits the ball python.
The ball python is moderately wounded.
The ball python bites you. The ball python grabs you.
The ball python constricts you.
The zap hits the ball python.
You kill the ball python!
You can't see any susceptible monsters within range! (Use Z to cast anyway.) HP restored.
You now have 30 gold pieces (gained 13).
A bat comes into view.
The zap hits the bat.
You kill the bat!
Your Spellcasting skill increases to level 2!
You can't see any susceptible monsters within range! (Use Z to cast anyway.) This is a scroll of acquirement!
Something appears at your feet!
You see here an Everburning Encyclopedia.
Something appears at your feet!
g - the +2 pair of boots "Wigheh" {rF+} You pick up an Everburning Encyclopedia and begin reading...
You add the spells Ignite Poison, Sticky Flame and Ignition to your library.
Are you sure you want to abandon this character and quit the game? (Confirm with "yes".)

#.# #.# #.#
#..###### #.#
#......@# #.#
..#####.# #.#
#.## ##.# #..#
#..# #####.# #†##
# ..# #.#
######.##### #.#
#.# #...........
#.# #.#
#..##+#'#+## #.#
#.########.#.#.##


There were no monsters in sight!

Vanquished Creatures
  A giant cockroach (D:1)
  A goblin (D:1)
  A hobgoblin (D:1)
  A quokka (D:1)
  A ball python (D:1)
  A bat (D:1)
6 creatures vanquished.

Notes
Turn   | Place    | Note
-------+----------+-------------------------------------------
     0 | D:1      | McKennaii the Demigod Air Elementalist began the quest for
                  | the Orb.
     0 | D:1      | Reached XP level 1. HP: 14/14 MP: 5/5
    65 | D:1      | Reached skill level 1 in Conjurations
   305 | D:1      | Identified 3 scrolls of acquirement
   305 | D:1      | Acquired the +2 pair of boots "Wigheh" {rF+}
   306 | D:1      | Acquired an Everburning Encyclopedia
   308 | D:1      | Quit the game

Illustrated notes

Levels and vault maps discovered:
D:1:      spicycebolla_arrival_ecumenical, layout_loops_ring

Skill      XL: |  1 |
---------------+----+-----
Conjurations   | 1 |  1.1
Spellcasting   | 2 |  2.0
Dodging        | |  1.7
Stealth        | |  1.7
Air Magic      | |  2.8

Action                     || total
---------------------------++-------
   Cast: Shock             ||    14
    Use: Scroll            ||     2
